 Dungeon Crawl Stone Soup version 0.24-a0-447-ge8da9206dc (webtiles) character file.

Game seed: 630295761918541242

15528 nikopol the Severer (level 12, -1/105 HPs)
             Began as a Minotaur Berserker on June 25, 2019.
             Was a High Priest of Trog.
             Slain by an 11-headed hydra (10 damage)
             ... on level 11 of the Dungeon.
             The game lasted 00:24:50 (10018 turns).

nikopol the Severer (Minotaur Berserker)           Turns: 10018, Time: 00:24:51

Health: -1/105     AC: 20    Str: 29    XL:     12   Next: 2%
Magic:  3/3        EV: 11    Int:  4    God:    Trog [*****.]
Gold:   746        SH:  0    Dex: 16    Spells: 11/11 levels left

rFire    . . .     SeeInvis .   a - +4 battleaxe (antimagic)
rCold    . . .     Gourm    .   (shield currently unavailable)
rNeg     + . .     Faith    +   s - +6 chain mail "Qacs" {rPois rN+ Dex+5 Stlth-}
rPois    +         Spirit   .   (helmet restricted)
rElec    .         Reflect  .   W - +0 cloak
rCorr    .         Harm     .   M - +0 pair of gloves
MR       .....                  (no boots)
Stlth    ..........             n - amulet of faith
HPRegen  0.27/turn              o - +3 ring of strength
MPRegen  0.08/turn              (no ring)

@: berserk cooldown, slowed, very slow
A: retaliatory headbutt, horns 2
a: Berserk, Trog's Hand, Brothers in Arms, Renounce Religion


You were on level 11 of the Dungeon.
You worshipped Trog.
Trog was extremely pleased with you.
You were hungry.

You visited 1 branch of the dungeon, and saw 11 of its levels.
You also visited: Sewer.

You collected 746 gold pieces.

Inventory:

Hand Weapons
 a - a +4 antimagic battleaxe (weapon)
 p - a +0 hand axe
 z - a +4 shortbow
 F - a +0 war axe
 H - a +0 war axe
 T - a +1 executioner's axe of flaming
Missiles
 k - 437 arrows
Armour
 b - a +0 animal skin
 d - a +0 chain mail
 s - the +6 chain mail "Qacs" (worn) {rPois rN+ Dex+5 Stlth-}
   (You found it in a sewer)

   It affects your dexterity (+5).
   It protects you from poison.
   It protects you from negative energy.
   It makes you less stealthy.
 M - a +0 pair of gloves (worn)
 W - a +0 cloak (worn)
Jewellery
 n - an amulet of faith (around neck)
 o - a +3 ring of strength (left hand)
 r - an uncursed ring of resist corrosion {unknown}
 S - an uncursed amulet of harm {unknown}
Wands
 i - a wand of clouds (3)
 B - a wand of paralysis (7)
 C - a wand of enslavement (9)
 K - a wand of iceblast (13)
 L - a wand of polymorph (22)
Scrolls
 e - 15 scrolls of identify
 l - a scroll of enchant armour {unknown}
 q - 2 scrolls of holy word {unknown}
 t - 2 scrolls of amnesia {unknown}
 v - a scroll of noise {unknown}
 w - a scroll of magic mapping {unknown}
 y - 2 scrolls of fear
 G - a scroll of vulnerability {unknown}
 I - a scroll of random uselessness {unknown}
 J - a scroll of remove curse {unknown}
 N - 3 scrolls of enchant weapon
 P - 2 scrolls of summoning {unknown}
 Q - a scroll of teleportation {unknown}
Potions
 f - 3 potions of heal wounds {unknown}
 g - 3 potions of degeneration {unknown}
 h - 4 potions of agility
 j - 3 potions of brilliance {unknown}
 m - 3 potions of curing {unknown}
 u - 3 potions of haste {unknown}
 x - 3 potions of magic {unknown}
 A - a potion of might {unknown}
 D - a potion of cancellation {unknown}
 E - a potion of flight {unknown}
 O - a potion of mutation {unknown}
 R - a potion of invisibility {unknown}
 V - 2 potions of lignification {unknown}
Comestibles
 c - 13 rations
 U - 4 chunks of flesh


   Skills:
 + Level 9.5 Fighting
 * Level 15.1 Axes
 * Level 10.6 Bows
 + Level 9.5 Armour
 + Level 4.1 Dodging
 + Level 1.1 Stealth


You had 11 spell levels left.
You didn't know any spells.
Your spell library was empty.

Dungeon Overview and Level Annotations

Branches:
Dungeon (11/15)            Temple (0/1) D:6            Lair (0/6) D:8
    Orc (0/2) D:10

Altars:
Cheibriados
Elyvilon
Gozag
Makhleb
Qazlal
Wu Jian
Zin

Shops:
D:5 =(   D:10 ([(

Annotations:
D:3 2 transporters
D:6 2 runed translucent doors


Innate Abilities, Weirdness & Mutations

You reflexively headbutt those who attack you in melee.
You have a pair of horns on your head.


Message History

You headbutt the 11-headed hydra!! The 11-headed hydra misses you.
The 11-headed hydra barely misses you. x2
The 11-headed hydra closely misses you.
The 11-headed hydra bites you but does no damage. x2
The 11-headed hydra bites you.
* * * LOW HITPOINT WARNING * * *
The 11-headed hydra closely misses you.
The 11-headed hydra bites you but does no damage. x2
The 11-headed hydra bites you.
* * * LOW HITPOINT WARNING * * *
The 11-headed hydra barely misses you. The 11-headed hydra misses you.
The 11-headed hydra bites you.
* * * LOW HITPOINT WARNING * * *
The 11-headed hydra bites you but does no damage.
The 11-headed hydra barely misses you. The 11-headed hydra bites you!
* * * LOW HITPOINT WARNING * * *
The 11-headed hydra barely misses you.
The 11-headed hydra bites you but does no damage.
The 11-headed hydra bites you!
You die...

###......##############.......#
#......#.### ###.# #.......#
#......#..). .|.. ##......#
#......###|. .:###...#......#
#.......###.#.####...##.....'
#.......###|.)###.....#.....'
#####........###(####.....##....#
#............###D###.......#....#
#.............##@###.......##....
#...........<.##(##.........#....
####...........#)##.....÷...##...
#...........#†#'#######'#+#...
#.........>.##.## ##.##.#...
#...#####....##.## ##.###.##..
#...# #....###.###.## ...#..
#...# #.....###.#.#####..##.
#...# #.....####.## #.#...#.


You could see a 11-headed hydra.

Vanquished Creatures
  2 hydras
  Erica (D:9)
  The ghost of hitsuchi the Geomancer, a novice DDEE of Makhleb (D:9)
  The ghost of Borbor the Jinx, a journeyman SpEn of Dithmenos (D:10)
  An ugly thing (D:11)
  Maurice (D:11)
  A centaur zombie (D:9)
  2 gargoyles
  A freezing wraith (D:11)
  3 kobold demonologists (D:8)
  A meliai (D:11)
  A hippogriff (D:11)
  A centaur simulacrum (D:9)
  A shadow (D:11)
  A wraith (D:11)
  5 yaks (D:9)
  A vampire mosquito (D:11)
  Menkaure (D:6)
  A water moccasin (D:7)
  A porcupine (D:8)
  Duvessa (D:6)
  4 sky beasts
  9 orc warriors
  A black bear (D:8)
  3 phantoms
  5 ogres
  12 centaurs
  2 crocodiles
  4 big kobolds
  3 bullfrogs
  Dowan (D:6)
  2 wyvern skeletons
  9 scorpions
  A water moccasin skeleton (D:5)
  11 killer bees
  11 wights
  4 howler monkeys
  2 spectral centaurs (D:9)
  5 crimson imps
  A quasit (D:10)
  3 orc priests
  2 bullfrog zombies
  4 hounds
  5 jellies
  6 bullfrog skeletons
  A gnoll shaman (D:5)
  Terence (D:2)
  6 iguanas
  8 orc wizards
  5 worker ants
  2 hound skeletons
  A worker ant zombie (D:6)
  7 gnolls
  20 adders
  3 shadow imps
  2 oozes
  An adder skeleton (D:4)
  A worm (D:3)
  3 dart slugs
  16 leopard geckos
  34 orcs
  8 giant cockroaches
  6 goblins
  4 hobgoblins
  6 jackals
  2 quokkas
  7 ball pythons
  9 bats
  8 frilled lizards
  13 kobolds
  2 quokka skeletons (D:4)
  A quokka zombie (D:6)
  6 rats
  3 fungi (D:8)
  3 plants (D:8)
328 creatures vanquished.

Vanquished Creatures (others)
  2 fungi (D:8)
2 creatures vanquished.

Grand Total: 330 creatures vanquished

Notes
Turn   | Place    | Note
-------+----------+-------------------------------------------
     0 | D:1      | nikopol the Minotaur Berserker began the quest for the Orb.
     0 | D:1      | Reached XP level 1. HP: 19/19 MP: 0/0
   441 | D:1      | Reached XP level 2. HP: 27/27 MP: 1/1
   566 | D:1      | Reached skill level 4 in Axes
   866 | D:2      | Reached XP level 3. HP: 33/33 MP: 2/2
   895 | D:2      | Reached ** piety under Trog
   904 | D:2      | Noticed Terence
   910 | D:2      | Killed Terence
  1041 | D:2      | Reached XP level 4. HP: 39/41 MP: 3/3
  1172 | D:3      | Found a transporter.
  1173 | D:3      | Noticed a centaur
  1238 | D:3      | Reached skill level 5 in Axes
  1299 | D:3      | Found a white marble altar of Elyvilon.
  1299 | D:3      | Noticed a centaur
  1357 | D:3      | Found a transporter.
  1591 | D:4      | Found a stormy altar of Qazlal.
  1657 | D:4      | Reached XP level 5. HP: 45/47 MP: 4/4
  1749 | D:4      | Reached skill level 5 in Fighting
  2082 | D:4      | Reached skill level 6 in Axes
  2084 | D:4      | Reached XP level 6. HP: 40/56 MP: 5/5
  2127 | D:4      | Reached *** piety under Trog
  2522 | D:5      | Entered Level 5 of the Dungeon
  2549 | D:5      | Reached skill level 7 in Axes
  2563 | D:5      | Reached XP level 7. HP: 31/61 MP: 6/6
  2639 | D:5      | Found a glowing drain.
  2659 | Sewer    | Entered a sewer
  2867 | Sewer    | Reached **** piety under Trog
  2968 | Sewer    | Got a smelly chain mail
  2979 | Sewer    | Identified the +6 chain mail "Qacs" {rPois rN+ Dex+5
                  | Stlth-} (You found it in a sewer)
  3014 | D:5      | Reached skill level 8 in Axes
  3151 | D:5      | Reached skill level 5 in Armour
  3157 | D:5      | Reached skill level 9 in Axes
  3157 | D:5      | Reached XP level 8. HP: 71/71 MP: 7/7
  3168 | D:5      | Found Wyskoy's Antique Weapon Emporium.
  3249 | D:5      | Reached skill level 1 in Bows
  3319 | D:5      | Found Hibryi's Jewellery Shoppe.
  3630 | D:6      | Noticed Menkaure
  3638 | D:6      | Killed Menkaure
  3638 | D:6      | Reached skill level 10 in Axes
  3825 | D:6      | Found an ornate altar of the Wu Jian Council.
  3923 | D:6      | Reached ***** piety under Trog
  3923 | D:6      | Received a gift from Trog
  4234 | D:6      | Reached XP level 9. HP: 78/79 MP: 8/8
  4267 | D:6      | Found an opulent altar of Gozag.
  4355 | D:6      | Found a runed translucent door.
  4359 | D:6      | Found a runed translucent door.
  4488 | D:6      | Found an opulent altar of Gozag.
  4517 | D:6      | Reached skill level 1 in Stealth
  4772 | D:6      | Noticed Duvessa
  4772 | D:6      | Noticed Dowan
  4775 | D:6      | Killed Duvessa
  4778 | D:6      | Killed Dowan
  4797 | D:6      | Reached skill level 5 in Bows
  4814 | D:6      | Received a gift from Trog
  4829 | D:6      | Found a staircase to the Ecumenical Temple.
  4981 | D:7      | Reached skill level 11 in Axes
  5758 | D:7      | Reached skill level 12 in Axes
  5894 | D:8      | Noticed a kobold demonologist
  5894 | D:8      | Noticed a kobold demonologist
  5897 | D:8      | Noticed a soul eater
  5898 | D:8      | Noticed a soul eater
  5995 | D:8      | Reached XP level 10. HP: 84/86 MP: 3/9
  6241 | D:8      | Noticed a sun demon
  6244 | D:8      | Noticed a smoke demon
  6398 | D:8      | Found a staircase to the Lair.
  6604 | D:8      | Noticed an eight-headed hydra
  6609 | D:8      | Killed an 11-headed hydra
  6889 | D:8      | Found a glowing silver altar of Zin.
  7185 | D:9      | Received a gift from Trog
  7312 | D:9      | Found a runed translucent gate.
  7313 | D:9      | Found a runed translucent gate.
  7331 | D:9      | Noticed Erica
  7342 | D:9      | Killed Erica
  7342 | D:9      | Reached skill level 13 in Axes
  7461 | D:9      | Found a snail-covered altar of Cheibriados.
  7573 | D:9      | Found a runed translucent gate.
  7574 | D:9      | Received a gift from Trog
  7596 | D:9      | Noticed hitsuchi's ghost (novice DDEE)
  7799 | D:9      | Noticed a spectral centaur warrior
  7888 | D:9      | Reached XP level 11. HP: 95/95 MP: 3/10
  7893 | D:9      | Killed hitsuchi's ghost
  7929 | D:10     | Entered Level 10 of the Dungeon
  7929 | D:10     | Found Fuvvoidime's Armour Boutique.
  8320 | D:10     | Received a gift from Trog
  8320 | D:10     | Reached skill level 14 in Axes
  8548 | D:10     | Found a staircase to the Orcish Mines.
  8613 | D:10     | Found Nosm's Weapon Boutique.
  8738 | D:10     | Found Godariod's Antique Weapon Shop.
  8773 | D:10     | Found a runed translucent door.
  8773 | D:10     | Noticed Borbor's ghost (journeyman SpEn)
  8783 | D:10     | Killed Borbor's ghost
  8822 | D:10     | Received a gift from Trog
  9118 | D:11     | Noticed a seven-headed hydra
  9182 | D:11     | Killed an eight-headed hydra
  9182 | D:11     | Reached skill level 10 in Bows
  9328 | D:11     | Found a burning altar of Makhleb.
  9454 | D:11     | Noticed a green ugly thing
  9467 | D:11     | Killed a green ugly thing
  9495 | D:11     | Noticed Maurice
  9511 | D:11     | Killed Maurice
 10000 | D:11     | Reached skill level 15 in Axes
 10004 | D:11     | Reached XP level 12. HP: 105/105 MP: 3/11
 10011 | D:11     | Noticed an eight-headed hydra
 10018 | D:11     | Slain by an 11-headed hydra

Levels and vault maps discovered:
D:1:      wheals_arrival_linesprint, layout_basic
D:2:      layout_basic, uniq_terence
D:3:      layout_rooms, gammafunk_temple_overflow_arena, kennysheep_doodads
D:4:      layout_loops_cross, grunt_qazlal_sundering
D:5:      layout_cave_pools, first_ration, serial_shops, shop, shop,
          gup_sewer_entry_pipe, minmay_misc_feat_encased
D:6:      lemuel_insect_pit, layout_loops_ring, lemuel_round_altar,
          lemuel_doored_altar, minmay_temple_entry_fiery,
          grunt_gozag_breadcrumbs, uniq_duvessa, uniq_menkaure
D:7:      layout_basic
D:8:      layout_gridville, zin_statuary, grunt_lair_entry_orc_guard_hut,
          kennysheep_just_a_vault
D:9:      layout_grid_maze, cheibriados_altar_1, gammafunk_ghost_necromancy,
          uniq_erica
D:10:     layout_rooms, orc_david_3, gammafunk_ghost_grave, serial_shops,
          nicolae_shop_trees
D:11:     minmay_the_grid_triangle_9x9_rhombus_thin
          [minmay_the_grid_triangle_9x9_empty,
          minmay_the_grid_triangle_9x9_prize_insulated,
          minmay_the_grid_triangle_9x9_swiss_cheese,
          minmay_the_grid_triangle_9x9_minimal], layout_irregular_city,
          basic_altar, uniq_maurice

Skill      XL: |  1  2  3  4  5  6  7  8  9 10 11 |
---------------+----------------------------------+-----
Fighting       | 4 5 6 7 8 9 |  9.5
Axes           | 4 5 6 7 9 10 12 13 15 | 15.1
Armour         | 3 4 5 6 7 8 9 |  9.5
Dodging        | 3 4 |  4.1
Bows           | 4 6 9 10 | 10.6
Stealth        | 1 |  1.1

Action                   |  1- 3 |  4- 6 |  7- 9 | 10-12 || total
-------------------------+-------+-------+-------+-------++-------
Melee: Hand axe          |    66 |    38 |    62 |       ||   166
       Headbutt          |     4 |    23 |    67 |    62 ||   156
       War axe           |       |    70 |   127 |       ||   197
       Battleaxe         |       |       |    70 |   185 ||   255
 Fire: Shortbow          |       |       |    81 |   152 ||   233
Invok: Berserk           |       |       |     3 |     7 ||    10
  Use: Scroll            |       |     2 |       |     1 ||     3
  Eat: Chunk             |       |     5 |    14 |    12 ||    31
       Ration            |       |       |       |     2 ||     2
Armor: Chain mail        |    36 |    51 |   131 |   187 ||   405
       Animal skin       |     4 |       |       |       ||     4
Dodge: Dodged            |    42 |    68 |   125 |   189 ||   424

Table legend:
 A = Non-vault XP
 B = Vault XP
 C = Vault XP percentage of total XP
 D = Non-vault monster count
 E = Vault monster count
 F = Vault count percentage of total count
                 A         B        C        D         E       F
            +---------+---------+-------+---------+---------+-------
      Total |   14577 |    7606 |  34.3 |     264 |      58 |  18.0
            +---------+---------+-------+---------+---------+-------
        D:1 |      24 |       0 |   0.0 |      17 |       0 |   0.0
        D:2 |      37 |      36 |  49.3 |      17 |       1 |   5.6
        D:3 |      80 |       0 |   0.0 |      17 |       0 |   0.0
        D:4 |     379 |       0 |   0.0 |      25 |       0 |   0.0
        D:5 |    1251 |      22 |   1.7 |      24 |       9 |  27.3
        D:6 |    1301 |     395 |  23.3 |      30 |       3 |   9.1
        D:7 |    1778 |       0 |   0.0 |      39 |       0 |   0.0
        D:8 |    1586 |    1483 |  48.3 |      12 |       5 |  29.4
        D:9 |    2585 |    3036 |  54.0 |      34 |      11 |  24.4
       D:10 |    2379 |     813 |  25.5 |      29 |       3 |   9.4
       D:11 |    3177 |    1668 |  34.4 |      20 |       7 |  25.9
      Sewer |       0 |     153 | 100.0 |       0 |      19 | 100.0
            +---------+---------+-------+---------+---------+-------
